 Dungeon Crawl Stone Soup version 0.31-a0-924-ge39a22a033 (webtiles) character file.

Game seed: 7070909939022808512

344 Morbidden the Magician (level 6, 0/45 HPs)
             Began as a Djinni Conjurer on Oct 18, 2023.
             Shot with an arrow by a gnoll (10 damage)
             ... on level 3 of the Dungeon.
             The game lasted 00:02:40 (3085 turns).

Morbidden the Magician (Djinni Conjurer)            Turns: 3085, Time: 00:02:40

Health: 0/45       AC:  2    Str:  8    XL:     6   Next: 89%
Gold:   169        EV: 13    Int: 19    God:
                   SH:  0    Dex: 12

rFire   + + .        a - +1 short sword (venom)
rCold   x . .        (no shield)
rNeg    . . .        g - +0 robe
rPois   ∞            (no helmet)
rElec   .            (no cloak)
rCorr   .            (no gloves)
SInv    .            (boots unavailable)
Will    .....        (no amulet)
Stlth   ++           (no ring)
HPRegen 0.27/turn    (no ring)
MPRegen 0.00/turn

%: infuse magic (-1 HP)
@: flying
A: sickness immunity, fire resistance 2, cold vulnerability 1, float, innate
caster, HP casting, extra vitality 1
a: no special abilities


You were on level 3 of the Dungeon.
You visited 1 branch of the dungeon, and saw 3 of its levels.

You collected 169 gold pieces.

Inventory:

Hand Weapons
 a - a +1 short sword of venom (weapon)
 b - the +3 hand axe of Nolo Contendere {heavy, SInv}
   (You found it on level 3 of the Dungeon)

   SInv:      It lets you see invisible.
Missiles
 r - a throwing net
Armour
 g - a +0 robe (worn)
Wands
 o - a wand of charming (8)
Scrolls
 c - 2 scrolls of fear {unknown}
 d - a scroll of torment {unknown}
 e - 3 scrolls of poison
 f - a scroll of silence {unknown}
 h - a scroll of immolation {unknown}
 j - a scroll of identify {unknown}
 n - 2 scrolls of enchant weapon
Potions
 i - a potion of mutation {unknown}
 k - a potion of haste {unknown}
 l - a potion of lignification {unknown}
 m - a potion of enlightenment {unknown}
 p - 2 potions of invisibility {unknown}
 q - a potion of curing {unknown}


   Skills:
 * Level 2.6 Fighting
 * Level 2.6 Armour
 * Level 4.1 Dodging
 + Level 2.3 Stealth
 * Level 4.1 Spellcasting
 * Level 4.1 Conjurations
 * Level 4.1 Hexes
 * Level 4.1 Summonings
 * Level 4.1 Necromancy
 * Level 4.1 Translocations
 * Level 4.1 Transmutations
 * Level 4.1 Fire Magic
 * Level 4.1 Ice Magic
 * Level 4.1 Air Magic
 * Level 4.1 Earth Magic
 * Level 4.1 Poison Magic


You knew the following spells:

 Your Spells              Type           Power      Damage    Failure   Level
a - Magic Dart            Conj           76%        1d6       2%          1
b - Searing Ray           Conj           38%        2d5       3%          2
c - Dazzling Flash        Conj/Hex       38%        N/A       8%          3
d - Fulminant Prism       Conj/Hex       9%         3d7       26%         4
f - Slow                  Hex            76%        N/A       2%          1
x - Momentum Strike       Conj/Tloc      38%        3d9       3%          2
z - Iskenderun's Mystic   Conj/Tloc      19%        2d6       26%         4
Your spell library was empty.

Dungeon Overview and Level Annotations

Branches:
Dungeon (3/15)

Altars:
Dithmenos
Makhleb
Trog
Zin


Innate Abilities, Weirdness & Mutations

You are immune to sickness and miasma.
You are immune to poison.
Your flesh is very heat resistant. (rF++)
You are vulnerable to cold. (rC-)
You float through the air rather than walking.
You learn spells naturally, not from books.
Your magical power is your life essence.
You have superior vitality. (+4 MHP)


Message History

Unknown command.
Casting: Magic Dart (safe; 2% risk of failure)
Confirm with . or Enter, or press ? or * to list all spells.
Aiming: Searing Ray (safe; 3% risk of failure)
Press: ? - help, Shift-Dir - straight line, f/p - gnoll
Aim: a gnoll, wielding a +0 halberd (heavily wounded, 81% to hit)
The searing ray hits the kobold.
You kill the kobold!
The searing ray hits the gnoll.
The gnoll is almost dead. (Press . to maintain the ray.)
The gnoll shoots an arrow.
The arrow misses you. The gnoll barely misses you.
The searing ray hits the gnoll!
You kill the gnoll!
Unknown command.
Casting: Searing Ray (safe; 3% risk of failure)
Confirm with . or Enter, or press ? or * to list all spells.
You can't see any susceptible monsters within range! (Use Z to cast anyway.) Unknown command.
You finish channelling your searing ray.
Unknown command.
A gnoll is nearby!
Casting: Searing Ray (safe; 3% risk of failure)
Confirm with . or Enter, or press ? or * to list all spells.
Aiming: Searing Ray (safe; 3% risk of failure)
Press: ? - help, Shift-Dir - straight line, f - gnoll
Aim: a gnoll, wielding a +0 orcbow (81% to hit)
The searing ray misses the gnoll. (Press . to maintain the ray.)
The gnoll shoots an arrow.
The arrow hits you.
Unknown command.
The searing ray hits the gnoll!
The gnoll is almost dead.
The gnoll shoots an arrow.
The arrow hits you.
* * * LOW HITPOINT WARNING * * *
Unknown command.
The searing ray misses the gnoll.
* * * LOW HITPOINT WARNING * * *
The gnoll shoots an arrow.
The arrow hits you!
You die...

#.##.# #.##.# ###
####.##.####..
#...####......)
###.8.[.# ######..
#........ #..
#..)..._.#######..
#.).g....#.......(
#@# #######..(
#.## #.........
#..#### #######.#.
##...)# #...
###..# #... ##.#
#.#.
#.#########.#.
#...........#.
###########.#.


You could see a gnoll.

Vanquished Creatures
  Sigmund (D:3)
  An iguana (D:3)
  Ijyb (D:3)
  Terence (D:3)
  A gnoll (D:3)
  2 adders
  A worm (D:3)
  5 dart slugs
  An orc (D:3)
  7 ball pythons
  4 bats
  5 endoplasms
  2 giant cockroaches
  7 goblins
  3 hobgoblins
  4 jackals (D:2)
  4 quokkas
  3 frilled lizards (D:2)
  11 kobolds
  9 rats
73 creatures vanquished.

Notes
Turn   | Place    | Note
-------+----------+-------------------------------------------
     0 | D:1      | Morbidden the Djinni Conjurer began the quest for the Orb.
     0 | D:1      | Morbidden set off with the following spells memorised:
                  | Magic Dart, Searing Ray, Dazzling Flash, Fulminant Prism,
                  | Iskenderun's Mystic Blast.
     0 | D:1      | Reached XP level 1. HP: 15/15 MP: 0/0
    88 | D:1      | Reached XP level 2. HP: 8/21 MP: 0/0
   530 | D:1      | Reached XP level 3. HP: 25/26 MP: 0/0
   530 | D:1      | Learned a level 1 spell: Slow
   804 | D:1      | Reached skill level 1 in Fighting
   804 | D:1      | Reached skill level 1 in Armour
  1335 | D:2      | Reached XP level 4. HP: 20/32 MP: 0/0
  2390 | D:3      | Reached XP level 5. HP: 36/37 MP: 0/0
  2390 | D:3      | Learned a level 2 spell: Momentum Strike
  2413 | D:3      | Found a faded altar of an unknown god.
  2623 | D:3      | Found a shadowy altar of Dithmenos.
  2726 | D:3      | Noticed Sigmund
  2735 | D:3      | Killed Sigmund
  2736 | D:3      | Reached XP level 6. HP: 36/45 MP: 0/0
  2771 | D:3      | Noticed an Executioner
  2772 | D:3      | Found a burning altar of Makhleb.
  2777 | D:3      | Found a glowing silver altar of Zin.
  2777 | D:3      | Noticed an angel
  2829 | D:3      | Noticed Ijyb
  2841 | D:3      | Killed Ijyb
  2891 | D:3      | Noticed Terence
  2902 | D:3      | Killed Terence
  2960 | D:3      | Identified the +3 hand axe of Nolo Contendere {heavy, SInv}
  3075 | D:3      | Found a bloodstained altar of Trog.
  3085 | D:3      | Shot with an arrow by a gnoll

Illustrated notes

Levels and vault maps discovered:
D:1:      ncdulo_wetmaze, layout_basic, st_stairs_4, hangedman_decor_push,
          dreamdust_wishing_well
D:2:      layout_basic, minivault_26, kennysheep_generic_room_8
D:3:      minmay_recursive_quarters, layout_loops_ring,
          grunt_temple_overflow_order_and_chaos_2, grunt_dithmenos_smoke,
          trog_antimagical, shapermc_ecumenical_altar_mp_urbaneastern,
          uniq_ijyb, uniq_terence, uniq_sigmund

Skill      XL: |  1  2  3  4  5  6 |
---------------+-------------------+-----
Fighting       | 1 2 |  2.6
Armour         | 1 2 |  2.6
Dodging        | 3 4 |  4.1
Stealth        | 2 |  2.3
Spellcasting   | 4 |  4.1
Conjurations   | 4 |  4.1
Hexes          | 4 |  4.1
Summonings     | 4 |  4.1
Necromancy     | 4 |  4.1
Translocations | 4 |  4.1
Transmutations | 4 |  4.1
Fire Magic     | 4 |  4.1
Ice Magic      | 4 |  4.1
Air Magic      | 4 |  4.1
Earth Magic    | 4 |  4.1
Poison Magic   | 4 |  4.1

Action                     |  1- 3 |  4- 6 || total
---------------------------+-------+-------++-------
   Cast: Magic Dart        |    82 |    79 ||   161
         Searing Ray       |     1 |     8 ||     9
         Momentum Strike   |       |     2 ||     2
    Use: Scroll            |       |     2 ||     2
 Armour: Robe              |     6 |    12 ||    18
  Dodge: Dodged            |     4 |    10 ||    14

Table legend: (Time is in decaauts)
 A = Elapsed time spent in this place.
 B = Non-inter-level travel time spent in this place.
 C = Inter-level travel time spent in this place.
 D = Time resting spent in this place.
 E = Time spent auto-exploring this place.
 F = Levels seen in this place.
 G = Mean time per level.
                   A        B        C        D        E       F      G
               +--------+--------+--------+--------+--------+-----+--------+
         Total |   3084 |   2984 |    100 |    308 |   2317 |   3 | 1028.0 |
       Dungeon |   3084 |   2984 |    100 |    308 |   2317 |   3 | 1028.0 |
               +--------+--------+--------+--------+--------+-----+--------+

Top non-repeatable levels by time:
     D:2: 1103 daAuts
     D:1: 1080 daAuts
     D:3: 899 daAuts
